 Dungeon Crawl Stone Soup version 0.20-a0-16-g0876c8e (webtiles) character file.

93 dobroeutro the Covered (level 4, 0/28 HPs)
             Began as a Gargoyle Fighter on Nov 4, 2016.
             Slain by a gnoll
             ... wielding a +0 whip
              (1 damage)
             ... on level 3 of the Dungeon.
             The game lasted 00:01:35 (1910 turns).

dobroeutro the Covered (Gargoyle Fighter)           Turns: 1910, Time: 00:01:36

Health: 0/28       AC: 11    Str: 20    XL:     4   Next: 61%
Magic:  4/4        EV:  7    Int:  8    God:
Gold:   135        SH:  9    Dex: 10    Spells: 0 memorised, 3 levels left

rFire  . . .     SeeInvis .     a - +0 flail
rCold  . . .     Gourm    .     b - +0 scale mail
rNeg   + . .     Faith    .     c - +0 shield
rPois  ∞         Spirit   .     n - +0 helmet
rElec  +         Reflect  .     (no cloak)
rCorr  .         Harm     .     (no gloves)
MR     .....                    (no boots)
Stlth  ..........               (no amulet)
                                (no ring)
                                (no ring)

@: no status effects
A: negative energy resistance 1, electricity resistance, unbreathing,
petrification resistance, rot immunity, AC +3
a: no special abilities


You were on level 3 of the Dungeon.
You were hungry.

You visited 1 branch of the dungeon, and saw 3 of its levels.

You collected 135 gold pieces.

Inventory:

Hand Weapons
 a - a +0 flail (weapon)
Armour
 b - a +0 scale mail (worn)
 c - a +0 shield (worn)
 n - a +0 helmet (worn)
Scrolls
 e - 2 scrolls of teleportation {unknown}
 h - a scroll of enchant weapon {unknown}
 m - 5 scrolls of remove curse {unknown}
 q - a scroll of immolation {unknown}
 r - a scroll of random uselessness {unknown}
 t - a scroll of amnesia {unknown}
 u - a scroll of fear {unknown}
 v - a scroll of magic mapping {unknown}
Potions
 d - a potion of might
 g - a potion of agility {unknown}
 i - 2 potions of flight {unknown}
 j - 2 potions of curing {unknown}
 k - a potion of heal wounds {unknown}
 l - a potion of magic {unknown}
 p - a potion of degeneration {unknown}
 s - a potion of lignification {unknown}
Comestibles
 f - 2 bread rations
 o - 3 fruits
 w - a slice of pizza


   Skills:
 + Level 3.5 Fighting
 * Level 3.3 Maces & Flails
 + Level 3.9 Armour
 + Level 1.4 Dodging
 - Level 3.2 Shields


You had 3 spell levels left.
You didn't know any spells.

Dungeon Overview and Level Annotations

Branches:
Dungeon (3/15)

Altars:
Makhleb
Sif Muna
The Shining One


Innate Abilities, Weirdness & Mutations

You are resistant to torment.
Your stone body is resilient. (AC +3)
You are immune to poison.
You resist negative energy. (rN+)
You are resistant to electric shocks. (rElec)
You can survive without breathing.
You are immune to petrification.
You are immune to rotting.


Message History

You are too injured to fight recklessly!
You are too injured to fight recklessly!
You are too injured to fight recklessly!
You are too injured to fight recklessly!
You are too injured to fight recklessly!
You are too injured to fight recklessly!
You are too injured to fight recklessly!
You are too injured to fight recklessly!
You are too injured to fight recklessly!
You are too injured to fight recklessly!
You are too injured to fight recklessly!
You are too injured to fight recklessly!
You are too injured to fight recklessly!
You are too injured to fight recklessly!
You are too injured to fight recklessly!
You are too injured to fight recklessly!
You are too injured to fight recklessly!
Unknown command.
The gnoll hits you with a whip.
You die...

.# #.# #. #.# ##.# #.#
########## ... #.#
#......... #.. #####.#
###.######## #.. #.....#
#......#.... ##..
#.....######..###.#.###
#!.)####....g@.......#
#...#
#$......g..######..###.###
##.#.#.....######.)..(.#
#..#.#######.)..>.†.####
...##.# #.######## ##.#
#.# #. #.# .# #.# .# ...


You could see 2 gnolls.

Vanquished Creatures
  A gnoll (D:3)
  3 adders (D:2)
  4 worms
  2 dart slugs (D:1)
  3 leopard geckos (D:1)
  5 bats
  2 giant cockroaches
  4 hobgoblins
  A frilled lizard (D:2)
  2 goblins (D:2)
  10 kobolds
  6 rats
43 creatures vanquished.

Vanquished Creatures (others)
  A plant (D:1)
1 creature vanquished.

Grand Total: 44 creatures vanquished

Notes
Turn   | Place    | Note
-------+----------+-------------------------------------------
     0 | D:1      | dobroeutro the Gargoyle Fighter began the quest for the Orb.
     0 | D:1      | Reached XP level 1. HP: 14/14 MP: 1/1
   176 | D:1      | Reached XP level 2. HP: 15/19 MP: 2/2
   917 | D:1      | Reached XP level 3. HP: 19/23 MP: 3/3
  1075 | D:2      | Reached skill level 1 in Dodging
  1238 | D:2      | Found a glowing golden altar of the Shining One.
  1243 | D:2      | Found a burning altar of Makhleb.
  1243 | D:2      | Found a deep blue altar of Sif Muna.
  1303 | D:2      | Reached XP level 4. HP: 28/28 MP: 4/4
  1901 | D:3      | HP: 1/28 [gnoll/halberd (12)]
  1910 | D:3      | Slain by a gnoll

Vault maps used:
D:1:      dpeg_arrival_central, lexackson_kobold_supper
D:2:      grunt_temple_overflow_open, kennysheep_nondescript,
          grunt_decor_mini_mirrors
D:3:      first_bread

Skill      XL: |  1  2  3 |
---------------+----------+-----
Maces & Flails | 3 |  3.3
Dodging        | 1 |  1.4
Fighting       | |  3.5
Armour         | |  3.9
Shields        | |  3.2

Action                   |  1- 3 |  4- 6 || total
-------------------------+-------+-------++-------
Melee: Flail             |   137 |    80 ||   217
  Eat: Chunk             |     2 |     1 ||     3
Armor: Scale mail        |    79 |    43 ||   122
Dodge: Dodged            |    56 |    22 ||    78
Block: Shield            |    95 |    31 ||   126
